 Dungeon Crawl Stone Soup version 0.30-a0-782-ge64f9170bb (webtiles) character file.

Game seed: 11927951828637051374

23395 mopl the Carver (level 13, -6/76 HPs)
             Began as a Tengu Warper on Mar 13, 2023.
             Was an Elder of Okawaru.
             Mangled by a death yak (9 damage)
             ... on level 1 of the Lair of Beasts.
             The game lasted 00:23:23 (12970 turns).

mopl the Carver (Tengu Warper)                     Turns: 12970, Time: 00:23:23

Health: -6/76      AC: 10    Str: 16    XL:     13   Next: 6%
Magic:  20/20      EV: 23    Int: 13    God:    Okawaru [****..]
Gold:   1428       SH:  0    Dex: 15    Spells: 3/20 levels left

rFire   . . .      SeeInvis .    a - +2 great sword (venom)
rCold   . . .      Faith    .    (shield currently unavailable)
rNeg    . . .      Spirit   .    E - +0 acid dragon scales
rPois   .          Reflect  .    (helmet restricted)
rElec   .          Harm     .    v - +0 cloak
rCorr   +          Rampage  .    L - +0 pair of gloves
Will    .....                    (boots unavailable)
Stlth   +                        g - amulet of magic regeneration
HPRegen 0.32/turn                e - +5 ring of evasion
MPRegen 0.57/turn                (no ring)

@: flying quickly and evasively, quick
A: beak, talons 3, nimble flight
a: Renounce Religion, Heroism, Finesse


You were on level 1 of the Lair of Beasts.
You worshipped Okawaru.
Okawaru was greatly pleased with you.
You visited 2 branches of the dungeon, and saw 12 of its levels.
You also visited: Ice Cave.

You collected 1506 gold pieces.
You spent 78 gold pieces at shops.

Inventory:

Hand Weapons
 a - a +2 great sword of venom (weapon)
 b - the +7 dagger of the People {heavy, Dex+3}
   (You found it on level 4 of the Dungeon)

   Dex:       It affects your dexterity (+3).
 o - a +2 dagger of venom
 R - a +4 scimitar
Missiles
 d - 7 boomerangs of dispersal
 k - 24 poisoned darts (quivered)
 q - 5 javelins
 y - 8 curare-tipped darts
 A - 2 atropa-tipped darts
 D - a boomerang
Armour
 v - a +0 cloak (worn)
 E - +0 acid dragon scales (worn)
 H - a +2 leather armour of poison resistance
 L - a +0 pair of gloves (worn)
 S - a +0 leather armour of resistance
Jewellery
 e - a +5 ring of evasion (left hand)
 g - an amulet of magic regeneration (around neck)
 Y - a ring of protection from cold
Wands
 s - a wand of mindburst (2)
 C - a wand of paralysis (10)
 I - a wand of flame (44)
 J - a wand of polymorph (11)
 K - a wand of quicksilver (21)
 N - a wand of roots (14)
Scrolls
 c - 2 scrolls of blinking
 f - 7 scrolls of teleportation
 h - a scroll of acquirement {unknown}
 j - 2 scrolls of enchant armour {unknown}
 l - 3 scrolls of amnesia {unknown}
 n - a scroll of vulnerability {unknown}
 t - 3 scrolls of magic mapping {unknown}
 u - 5 scrolls of noise {unknown}
 w - 2 scrolls of poison {unknown}
 O - 2 scrolls of torment {unknown}
 P - 2 scrolls of immolation {unknown}
 T - a scroll of fear {unknown}
Potions
 i - 4 potions of curing
 m - 4 potions of heal wounds
 p - a potion of invisibility
 r - a potion of cancellation
 x - 6 potions of lignification {!q}
 z - a potion of haste {unknown}
 M - a potion of brilliance
 Q - a potion of berserk rage {!q}
 V - a potion of magic
Miscellaneous
 W - a phial of floods


   Skills:
 + Level 7.4 Fighting
 * Level 11.3 Long Blades
 + Level 7.1 Throwing
 + Level 7.9 Armour
 + Level 8.2 Dodging
 - Level 4.0 Spellcasting
 + Level 6.4 Translocations
 - Level 5.0 Air Magic
 + Level 5.7 Invocations
 + Level 6.4 Evocations


You had 3 spell levels left.
You knew the following spells:

 Your Spells              Type           Power      Damage    Failure   Level
a - Vhi's Electric Charg  Tloc/Air       34%        N/A       8%          3
b - Lesser Beckoning      Tloc           38%        N/A       3%          2
c - Manifold Assault      Tloc           19%        N/A       19%         4
e - Blink                 Tloc           38%        N/A       3%          2
g - Gell's Gravitas       Tloc           19%        N/A       6%          3
t - Teleport Other        Tloc           19%        N/A       6%          3

Your spell library contained the following spells:

 Spells                   Type           Power      Damage    Failure   Level
 Magic Dart               Conj           8%         1d3       26%         1
 Slow                     Hex            8%         N/A       26%         1
 Scorch                   Fire           4%         2d5       38%         2
 Sublimation of Blood     Necr           2%         N/A       38%         2
 Wereblood                Tmut           2%         N/A       38%         2
 Mephitic Cloud           Conj/Pois/Air  6%         N/A       38%         3
 Confusing Touch          Hex            2%         N/A       63%         3
 Inner Flame              Hex/Fire       2%         N/A       63%         3
 Vampiric Draining        Necr           2%         2d6       63%         3
 Leda's Liquefaction      Hex/Erth       1%         N/A       95%         4
 Dispersal                Tloc           9%         N/A       96%         6
 Freezing Cloud           Conj/Ice/Air   3%         6-21      98%         5
 Lee's Rapid Deconstruct  Erth           1%         3d4*      100%        5
 Statue Form              Tmut/Erth      1%         N/A       100%        6
 Fire Storm               Conj/Fire      1%         7d1       100%        9
 Polar Vortex             Ice            1%         N/A       100%        9
 Call Imp                 Summ           Unusable   N/A       N/A         2
 Simulacrum               Ice/Necr       Unusable   N/A       N/A         6
 Summon Hydra             Summ           Unusable   N/A       N/A         7

Dungeon Overview and Level Annotations

Branches:
Dungeon (11/15)            Temple (0/1) D:7            Lair (1/5) D:9
  IceCv (visited)
    Orc: D:9-12

Altars:
Ashenzari
Fedhas
Makhleb
Nemelex Xobeh
Okawaru
Ru
Trog
Zin

Shops:
D:5 =   D:6 *


Innate Abilities, Weirdness & Mutations

You have a beak for a mouth.
You have claws for feet.
Your magical nature lets you fly swiftly and evasively.


Message History

You throw a poisoned dart.
The poisoned dart barely misses the death yak.
Unknown command.
Throw: 26 darts (poison)
Press: ? - help, Q - select action, (/) - cycle Shift-Dir - straight line, f/p - death yak
Aim: a death yak (very poisoned, 81% to hit)
You throw a poisoned dart.
The poisoned dart barely misses the death yak.
Unknown command.
Throw: 25 darts (poison)
Press: ? - help, Q - select action, (/) - cycle Shift-Dir - straight line, f/p - death yak
Aim: a death yak (lightly wounded, very poisoned, 81% to hit)
You throw a poisoned dart.
The poisoned dart barely misses the death yak.
Unknown command.
You hit the death yak but do no damage.
The death yak looks even sicker.
You claw the death yak, but do no damage.
You peck the death yak, but do no damage.
The death yak is lightly wounded.
The death yak gores you.
You hit the death yak.
The death yak looks as sick as possible!
You claw the death yak.
The death yak is lightly wounded.
The death yak gores you!
* * * LOW HITPOINT WARNING * * *
You barely miss the death yak.
You claw the death yak, but do no damage.
Your peck misses the death yak.
The death yak is lightly wounded.
The death yak completely misses you.
You hit the death yak.
The death yak looks as sick as possible!
You claw the death yak, but do no damage.
The death yak is moderately wounded.
The death yak misses you. The death yak gores you!!
* * * LOW HITPOINT WARNING * * *
The death yak gores you!
You die...

#.P.....Y..## #
#.#P####..## ####
##Y.# . #.(##
.############(#
....#....(.(#(##
#..~Y~~~..((.#
##.~~Y≈≈Y(...#####
#..≈≈≈≈@≈≈≈..##...
##~~≈≈≈≈≈≈≈~......
#.≈≈≈~≈≈≈≈~..###
#.~≈~.≈~~~~.##
##.~.>..~...P#
##.......#.##
#....####..###
#######......##
#..##...####


You could see 3 death yaks.

Vanquished Creatures
  An ice dragon (D:11)
  A boulder beetle (Lair:1)
  A death yak (Lair:1)
  A two-headed ogre (D:11)
  Nergalle (D:11)
  2 bog bodies (IceCv)
  A spectral centaur (D:10)
  2 cyclopes (D:11)
  5 elephants (Lair:1)
  A centaur zombie (D:10)
  Joseph (D:8)
  An ice statue (IceCv)
  Maurice (D:8)
  A black mamba (Lair:1)
  A cane toad (Lair:1)
  A gargoyle (D:11)
  Maggie (D:6)
  A rime drake (D:9)
  2 centaur skeletons (D:10)
  An unseen horror (D:11)
  A freezing wraith (IceCv)
  A komodo dragon (Lair:1)
  An ice devil (IceCv)
  A troll (D:9)
  3 polar bears
  A dream sheep (D:7)
  4 blink frogs (Lair:1)
  A shadow (D:9)
  3 wraiths
  19 yaks
  Eustachio (D:5)
  2 wyverns
  A dire elephant simulacrum (IceCv)
  2 vampire mosquitoes (D:11)
  A steam dragon (D:10)
  3 death yak simulacra (IceCv)
  A hydra simulacrum (IceCv)
  2 water moccasins
  2 sky beasts
  Duvessa (D:7)
  5 ice beasts
  3 orc warriors
  An ogre (D:6)
  4 wolves
  2 phantoms
  4 kobold brigands
  2 bullfrogs
  A gnoll sergeant (D:11)
  A necrophage (D:4)
  7 two-headed ogre simulacra (IceCv)
  2 cane toad simulacra (IceCv)
  3 scorpions
  15 wights (D:6)
  Dowan (D:7)
  An elephant simulacrum (IceCv)
  7 howler monkeys
  An electric eel (Lair:1)
  3 jellies
  5 hounds
  6 orc priests
  Crazy Yiuf (D:7)
  A gnoll bouda (D:7)
  4 iguanas
  14 orc wizards
  Ijyb (D:5)
  Natasha (thrice) (D:3)
  2 polar bear simulacra (IceCv)
  6 troll simulacra (IceCv)
  5 spriggan simulacra (IceCv)
  2 wolf simulacra (IceCv)
  A howler monkey zombie (D:10)
  8 adders
  8 gnolls
  4 naga simulacra (IceCv)
  13 white imps
  3 ufetubi
  3 dart slugs
  29 orcs
  4 ball pythons
  3 bats
  11 endoplasms
  5 giant cockroaches
  8 goblins
  6 hobgoblins
  14 jackals
  20 kobolds
  4 quokkas
  2 frilled lizards
  2 rats
339 creatures vanquished.

Vanquished Creatures (others)
  A gnoll (D:11)
  3 fungi (Lair:1)
  6 plants (Lair:1)
10 creatures vanquished.

Grand Total: 349 creatures vanquished

Notes
Turn   | Place    | Note
-------+----------+-------------------------------------------
     0 | D:1      | mopl the Tengu Warper began the quest for the Orb.
     0 | D:1      | Reached XP level 1. HP: 12/12 MP: 4/4
    69 | D:1      | Reached XP level 2. HP: 9/17 MP: 6/6
   129 | D:1      | Learned a level 2 spell: Blink
   132 | D:1      | Learned a level 2 spell: Lesser Beckoning
   308 | D:1      | Reached XP level 3. HP: 21/21 MP: 7/7
   368 | D:1      | Reached skill level 3 in Long Blades
   798 | D:2      | Found a faded altar of an unknown god.
  1652 | D:3      | Reached XP level 4. HP: 23/27 MP: 8/8
  1654 | D:3      | Noticed Natasha
  1664 | D:3      | Killed Natasha
  1685 | D:3      | Reached skill level 2 in Armour
  1713 | D:3      | Noticed Natasha
  1743 | D:3      | Killed Natasha
  1856 | D:2      | Gained mutation: Your magical nature lets you fly swiftly
                  | and evasively. [Tengu growth]
  1856 | D:2      | Reached XP level 5. HP: 22/31 MP: 9/9
  1929 | D:3      | Got the Tractate on the Inferno
  2047 | D:3      | Noticed Natasha
  2058 | D:3      | Killed Natasha
  2650 | D:4      | Reached skill level 4 in Long Blades
  2650 | D:4      | Reached skill level 2 in Throwing
  2650 | D:4      | Reached XP level 6. HP: 26/36 MP: 10/10
  2691 | D:4      | Learned a level 3 spell: Vhi's Electric Charge
  2788 | D:4      | Identified the +7 dagger of the People {heavy, Dex+3}
  2873 | D:4      | Reached skill level 3 in Dodging
  2907 | D:4      | Reached skill level 3 in Fighting
  2907 | D:4      | Reached skill level 3 in Translocations
  2907 | D:4      | Reached skill level 1 in Air Magic
  3004 | D:4      | Reached XP level 7. HP: 33/41 MP: 12/12
  3131 | D:4      | Found a sacrificial altar of Ru.
  3161 | D:5      | Entered Level 5 of the Dungeon
  3165 | D:5      | Noticed Eustachio
  3184 | D:5      | Killed Eustachio
  3185 | D:5      | Reached skill level 3 in Armour
  3185 | D:5      | Reached skill level 3 in Spellcasting
  3244 | D:5      | Reached skill level 2 in Air Magic
  3337 | D:5      | Reached skill level 5 in Long Blades
  3440 | D:5      | Found a broken altar of Ashenzari.
  3446 | D:5      | Noticed Ijyb
  3459 | D:5      | Killed Ijyb
  3636 | D:5      | Reached XP level 8. HP: 46/46 MP: 13/13
  3648 | D:5      | Reached skill level 3 in Throwing
  3648 | D:5      | Found an iron altar of Okawaru.
  3657 | D:5      | Became a worshipper of Warmaster Okawaru
  3739 | D:5      | Found Qaxeazigh's Jewellery Emporium.
  4030 | D:6      | Noticed Maggie
  4038 | D:6      | Killed Maggie
  4039 | D:6      | Reached skill level 4 in Dodging
  4039 | D:6      | Reached skill level 3 in Air Magic
  4039 | D:6      | Reached skill level 1 in Invocations
  4039 | D:6      | Reached skill level 1 in Evocations
  4203 | D:6      | Reached * piety under Okawaru
  4217 | D:6      | Reached skill level 6 in Long Blades
  4224 | D:6      | Reached skill level 4 in Armour
  4342 | D:6      | Reached skill level 4 in Fighting
  4450 | D:6      | Reached XP level 9. HP: 51/52 MP: 15/15
  4590 | D:6      | Reached skill level 2 in Evocations
  4637 | D:6      | Reached skill level 4 in Air Magic
  4770 | D:6      | Found Afint's Elemental Accessories.
  4802 | D:6      | Reached ** piety under Okawaru
  4803 | D:6      | Reached skill level 4 in Spellcasting
  4803 | D:6      | Reached skill level 4 in Translocations
  4803 | D:6      | Reached skill level 2 in Invocations
  4811 | D:6      | Reached skill level 4 in Throwing
  4923 | D:6      | Bought a wand of flame (8) for 78 gold pieces
  5449 | D:7      | Learned a level 4 spell: Manifold Assault
  5453 | D:7      | Learned a level 3 spell: Gell's Gravitas
  5507 | D:7      | Noticed Dowan
  5507 | D:7      | Noticed Duvessa
  5538 | D:7      | Killed Dowan
  5539 | D:7      | Reached skill level 7 in Long Blades
  5563 | D:7      | Killed Duvessa
  5612 | D:7      | Found a staircase to the Ecumenical Temple.
  5706 | D:7      | Reached skill level 5 in Dodging
  5751 | D:7      | Reached skill level 3 in Evocations
  5764 | D:7      | Found a burning altar of Makhleb.
  5875 | D:7      | Found a runed translucent door.
  5876 | D:7      | Noticed Crazy Yiuf
  5927 | D:7      | Reached XP level 10. HP: 56/58 MP: 17/17
  6128 | D:7      | Killed Crazy Yiuf
  6305 | D:8      | Reached skill level 5 in Armour
  6305 | D:8      | Reached skill level 5 in Air Magic
  6565 | D:8      | Noticed Maurice
  6577 | D:8      | Killed Maurice
  6577 | D:8      | Reached *** piety under Okawaru
  6638 | D:8      | Reached skill level 5 in Fighting
  6638 | D:8      | Reached skill level 3 in Invocations
  6774 | D:8      | Learned a level 3 spell: Teleport Other
  6869 | D:8      | Noticed Joseph
  6879 | D:8      | Killed Joseph
  6996 | D:8      | Reached skill level 8 in Long Blades
  7251 | D:9      | Found a bloodstained altar of Trog.
  7443 | D:9      | Found a glowing silver altar of Zin.
  7443 | D:9      | Found a blossoming altar of Fedhas.
  7585 | D:9      | Reached skill level 5 in Throwing
  7783 | D:9      | Reached **** piety under Okawaru
  7994 | D:9      | Reached skill level 4 in Evocations
  8002 | D:9      | Found a staircase to the Lair.
  8024 | D:9      | Reached skill level 6 in Dodging
  8183 | D:9      | Reached skill level 5 in Translocations
  8187 | D:9      | Reached XP level 11. HP: 53/64 MP: 18/18
  8205 | D:9      | Reached skill level 6 in Armour
  8467 | D:9      | Reached ***** piety under Okawaru
  8717 | D:10     | Entered Level 10 of the Dungeon
  8785 | D:10     | Found a sparkling altar of Nemelex Xobeh.
  9068 | D:10     | Reached skill level 9 in Long Blades
  9068 | D:10     | Reached skill level 4 in Invocations
  9226 | D:10     | Reached skill level 6 in Fighting
  9234 | D:10     | Received a gift from Okawaru
  9740 | D:11     | Noticed a cyclops
  9751 | D:11     | Killed a cyclops
  9763 | D:11     | Noticed a two-headed ogre
  9772 | D:11     | Reached skill level 5 in Evocations
  9774 | D:11     | Killed a two-headed ogre
  9775 | D:11     | Reached skill level 6 in Throwing
  9833 | D:11     | Reached skill level 7 in Dodging
  9900 | D:11     | Noticed Nergalle
  9908 | D:11     | Killed Nergalle
  9951 | D:11     | Reached skill level 10 in Long Blades
  9951 | D:11     | Found a frozen archway.
  9951 | D:11     | Noticed an ice dragon
  9960 | D:11     | Reached XP level 12. HP: 55/71 MP: 14/19
  9967 | D:11     | Killed an ice dragon
  9976 | D:11     | Reached skill level 7 in Armour
  9997 | IceCv    | Entered an ice cave
 10591 | IceCv    | Reached skill level 5 in Invocations
 11144 | IceCv    | Reached skill level 6 in Translocations
 11206 | IceCv    | Received a gift from Okawaru
 11249 | IceCv    | Identified the +1 plate armour of the Shining One's Whim
                  | {rCorr Str+2 Int-3}
 12018 | D:11     | Reached skill level 7 in Fighting
 12061 | D:11     | Reached skill level 6 in Evocations
 12221 | Lair:1   | Entered Level 1 of the Lair of Beasts
 12363 | Lair:1   | Reached skill level 11 in Long Blades
 12598 | Lair:1   | Reached skill level 8 in Dodging
 12649 | Lair:1   | Reached skill level 7 in Throwing
 12652 | Lair:1   | Received a gift from Okawaru
 12897 | Lair:1   | Noticed a boulder beetle
 12897 | Lair:1   | Noticed a death yak
 12899 | Lair:1   | Noticed a death yak
 12919 | Lair:1   | Noticed a death yak
 12921 | Lair:1   | Killed a boulder beetle
 12922 | Lair:1   | Reached XP level 13. HP: 45/76 MP: 20/20
 12969 | Lair:1   | HP: 2/76 [death yak (19)]
 12970 | Lair:1   | Mangled by a death yak

Illustrated notes

Levels and vault maps discovered:
D:1:      ebering_trefoil_twist, layout_rooms, chequers_arboretum
D:2:      wad_lake_hut, layout_loops_corners,
          chequers_ecumenical_altar_simple_redux
D:3:      layout_loops_ring, minmay_misc_feat_encased, minivault_27,
          uniq_natasha
D:4:      layout_basic, nicolae_ru_the_path_less_chosen
D:5:      layout_loops_ring, ashenzari_altar_1, okawaru_altar_gauntlet_db,
          serial_shops, nicolae_stop_n_shop_2, glass_columns_c, uniq_edmund,
          uniq_ijyb, uniq_eustachio
D:6:      layout_loops_ring, nicolae_elemental_shop, uniq_maggie
D:7:      layout_loops_ring, mainiacjoe_overflow_alcove_4,
          minmay_temple_entry_statues_pillars, dreamdust_gnoll_shepherd,
          uniq_crazy_yiuf_cottage, uniq_duvessa
D:8:      layout_basic, uniq_joseph, uniq_maurice
D:9:      layout_stronghold, lemuel_doored_altar,
          gammafunk_temple_overflow_wave, hellmonk_lair_entry_icy,
          nicolae_kite_square_tiling_tiny
D:10:     layout_gridville, mainiacjoe_overflow_tiny_flanked,
          hangedman_weighted_door, amcnicky_mini_rare_corridor_liquid,
          kennysheep_dice
D:11:     layout_cave_pools, portal_ice_cave_entry_animals_and_master,
          uniq_nergalle
Lair:1:   layout_cave_pods, nicolae_lair_lil_pond,
          chequers_serial_rivers_micro_a, cheibrodos_lair_reptile_den,
          infiniplex_staircase_pool

Skill      XL: |  1  2  3  4  5  6  7  8  9 10 11 12 |
---------------+-------------------------------------+-----
Long Blades    | 3 4 5 6 7 8 10 11 | 11.3
Armour         | 2 3 4 5 6 7 |  7.9
Throwing       | 2 3 4 5 6 7 |  7.1
Dodging        | 3 4 5 6 7 8 |  8.2
Fighting       | 3 4 5 6 7 |  7.4
Translocations | 3 4 5 6 |  6.4
Air Magic      | 1 2 3 4 5 |  5.0
Spellcasting   | 3 4 |  4.0
Invocations    | 1 2 3 4 5 |  5.7
Evocations     | 1 3 4 5 6 |  6.4

Action                     |  1- 3 |  4- 6 |  7- 9 | 10-12 | 13-15 || total
---------------------------+-------+-------+-------+-------+-------++-------
  Melee: Falchion          |    93 |   114 |       |       |       ||   207
         Kick              |    21 |    37 |    88 |   294 |     7 ||   447
         Peck              |    15 |    23 |    47 |   171 |     3 ||   259
         Punch             |       |     3 |     6 |    12 |       ||    21
         Dagger            |       |    19 |   130 |     9 |       ||   158
         Scimitar          |       |       |   153 |   518 |       ||   671
         Great sword       |       |       |       |   192 |     9 ||   201
  Throw: Boomerang         |       |       |       |    30 |       ||    30
         Dart              |       |       |       |     6 |    21 ||    27
 Invoke: Heroism           |       |       |       |    20 |       ||    20
         Finesse           |       |       |       |     1 |       ||     1
  Evoke: Wand              |       |       |     3 |     9 |       ||    12
    Use: Potion            |       |       |       |     2 |       ||     2
         Scroll            |       |       |       |     9 |       ||     9
   Stab: Paralysed         |       |       |     9 |    12 |       ||    21
         Sleeping          |       |       |     1 |       |       ||     1
 Armour: Leather armour    |    10 |       |       |    14 |       ||    24
         Ring mail         |    21 |    23 |     8 |       |       ||    52
         Acid dragon scale |       |       |    22 |   129 |     1 ||   152
  Dodge: Dodged            |   139 |    93 |   215 |   807 |     5 ||  1259

Table legend: (Time is in decaauts)
 A = Elapsed time spent in this place.
 B = Non-inter-level travel time spent in this place.
 C = Inter-level travel time spent in this place.
 D = Time resting spent in this place.
 E = Time spent auto-exploring this place.
 F = Levels seen in this place.
 G = Mean time per level.
                   A        B        C        D        E       F      G
               +--------+--------+--------+--------+--------+-----+--------+
         Total |  12338 |  11957 |    381 |   2577 |   6344 |  13 |  949.1 |
       Dungeon |  10029 |   9649 |    380 |   1541 |   5803 |  11 |  911.7 |
          Lair |    719 |    719 |      0 |    350 |    144 |   1 |  719.0 |
      Ice Cave |   1589 |   1589 |      0 |    685 |    395 |   1 | 1589.0 |
               +--------+--------+--------+--------+--------+-----+--------+

Top non-repeatable levels by time:
   IceCv: 1589 daAuts
     D:9: 1448 daAuts
     D:6: 1246 daAuts
     D:2: 1077 daAuts
    D:10: 964 daAuts
     D:8: 903 daAuts
     D:3: 838 daAuts
     D:7: 831 daAuts
     D:5: 824 daAuts
  Lair:1: 719 daAuts
    D:11: 675 daAuts
     D:4: 657 daAuts
     D:1: 562 daAuts
